 Seeded DCSS version 0.30.1 (webtiles) character file.

Game seed: 1882581695637917331 (custom seed)

65 McKennaii the Conjurer (level 3, -1/26 HPs)
             Began as a Demigod Conjurer on July 12, 2023.
             Slain by Ijyb
             ... wielding a +0 dagger
              (3 damage)
             ... on level 3 of the Dungeon.
             The game lasted 00:01:23 (2148 turns).

McKennaii the Conjurer (Demigod Conjurer)           Turns: 2148, Time: 00:01:23

Health: -1/26      AC:  6    Str:  8    XL:     3   Next: 66%
Magic:  1/9        EV: 12    Int: 24    God:
Gold:   115        SH:  0    Dex: 12    Spells: 4/7 levels left

rFire   . . .        n - +2 short sword (holy)
rCold   . . .        (no shield)
rNeg    . . .        a - +0 robe
rPois   .            (no helmet)
rElec   .            (no cloak)
rCorr   .            q - +2 pair of gloves
SInv    .            j - +0 pair of boots
Will    .....        (no amulet)
Stlth   ++           (no ring)
HPRegen 0.24/turn    (no ring)
MPRegen 0.11/turn

%: no passive effects
@: no status effects
A: high MP 1, forlorn, divine attributes
a: no special abilities


You were on level 3 of the Dungeon.
You visited 1 branch of the dungeon, and saw 3 of its levels.

You collected 115 gold pieces.

Inventory:

Hand Weapons
 n - a +2 short sword of holy wrath (weapon)
Armour
 a - a +0 robe (worn)
 j - a +0 pair of boots (worn)
 q - a +2 pair of gloves (worn)
Scrolls
 d - 3 scrolls of identify {unknown}
 e - 3 scrolls of amnesia {unknown}
 f - a scroll of poison {unknown}
 g - a scroll of silence {unknown}
 i - a scroll of magic mapping {unknown}
 l - 2 scrolls of enchant weapon {unknown}
 p - a scroll of blinking {unknown}
Potions
 b - a potion of magic
 c - 2 potions of ambrosia {unknown}
 h - a potion of curing {unknown}
 k - a potion of cancellation {unknown}
 m - a potion of degeneration {unknown}
 o - a potion of invisibility {unknown}
 r - a potion of haste {unknown}


   Skills:
 - Level 1.7 Dodging
 - Level 1.7 Stealth
 + Level 2.8 Spellcasting
 + Level 4.4 Conjurations


You had 4 spell levels left.
You knew the following spells:

 Your Spells              Type           Power      Damage    Failure   Level
a - Magic Dart            Conj           96%        1d7       1%          1
b - Searing Ray           Conj           48%        2d6       2%          2

Your spell library contained the following spells:

 Spells                   Type           Power      Damage    Failure   Level
 Dazzling Flash           Conj/Hex       26%        N/A       14%         3
 Tukima's Dance           Hex            3%         N/A       32%         3
 Fulminant Prism          Conj/Hex       6%         3d7       41%         4
 Iskenderun's Mystic Bla  Conj/Tloc      13%        2d5       41%         4
 Passage of Golubria      Tloc           3%         N/A       73%         4
 Yara's Violent Unravell  Hex/Tmut       1%         3d3       97%         5


Dungeon Overview and Level Annotations

Branches:
Dungeon (3/15)

Annotations:
D:3 Ijyb


Innate Abilities, Weirdness & Mutations

You have an increased reservoir of magic. (+10% MP)
You shall have no god before yourself.
Your divine heritage dramatically boosts your attributes as you level up.


Message History

You can't see any susceptible monsters within range! (Use Z to cast anyway.) Ijyb the Twisted Goblin comes into view.
She is wielding a +0 dagger and carrying a wand of iceblast (9).
Found 16 gold pieces.
Ijyb shouts!
Ijyb screams, "You nasty!
Big nasty!"
Casting: Magic Dart (safe; 1% risk of failure)
Confirm with . or Enter, or press ? or * to list all spells.
Aiming: Searing Ray (safe; 2% risk of failure)
Press: ? - help, Shift-Dir - straight line, f - Ijyb
Aim: Ijyb, wielding a +0 dagger, wearing a +0 scale mail and carrying a wand of iceblast (9) (77% to hit)
The searing ray hits Ijyb but does no damage. (Press . to maintain the ray.) Ijyb zaps a wand.
The mass of ice explodes!
The iceblast engulfs you!
Ouch! That really hurt!
The searing ray hits Ijyb.
Ijyb is moderately wounded.
Unknown command.
The searing ray hits Ijyb but does no damage.
Ijyb is moderately wounded.
Unknown command.
The searing ray hits Ijyb.
Ijyb is moderately wounded.
You finish channelling your searing ray.
Ijyb screams, "Me kill you!"
Ijyb zaps a wand.
The mass of ice explodes!
The iceblast engulfs you!
* * * LOW HITPOINT WARNING * * *
Unknown command.
Unknown command.
Casting: Searing Ray (safe; 2% risk of failure)
Confirm with . or Enter, or press ? or * to list all spells.
Aiming: Searing Ray (safe; 2% risk of failure)
Press: ? - help, Shift-Dir - straight line, f/p - Ijyb
Aim: Ijyb, wielding a +0 dagger, wearing a +0 scale mail and carrying a wand of iceblast (7) (moderately wounded, 77% to hit)
The searing ray hits Ijyb but does no damage.
Ijyb is moderately wounded. (Press . to maintain the ray.)
The searing ray hits Ijyb but does no damage.
Ijyb is moderately wounded.
Ijyb hits you with a +0 dagger.
You die...

#####
#######...############
#.........@g.........#
#.#####...##########.#
#.# ##### #.# ##.# #.#
#..# #.# #.## #.# #.#
####g# #.# #....#
##.####### #.####


You could see Ijyb.

Vanquished Creatures
  3 adders
  2 dart slugs
  2 bats
  5 endoplasms
  3 goblins
  5 hobgoblins
  4 kobolds
  A quokka (D:2)
  A ball python (D:2)
  2 frilled lizards (D:2)
  5 rats
33 creatures vanquished.

Notes
Turn   | Place    | Note
-------+----------+-------------------------------------------
     0 | D:1      | McKennaii the Demigod Conjurer began the quest for the Orb.
     0 | D:1      | Reached XP level 1. HP: 14/14 MP: 5/5
   509 | D:1      | Reached XP level 2. HP: 20/20 MP: 2/7
   788 | D:1      | Learned a level 2 spell: Searing Ray
  1050 | D:2      | Reached skill level 4 in Conjurations
  1291 | D:2      | Reached XP level 3. HP: 26/26 MP: 3/9
  1932 | D:2      | You fall into a shaft and drop 1 floor!
  2120 | D:3      | Noticed Ijyb
  2146 | D:3      | HP: 1/26 [Ijyb/iceblast (11)]
  2148 | D:3      | Slain by Ijyb

Illustrated notes

Levels and vault maps discovered:
D:1:      dpeg_arrival_erosion, layout_basic
D:2:      layout_basic, minmay_tripent
D:3:      layout_loops_ring, nicolae_wu_jian_wuxing_cycle, serial_bayou_pond_d,
          uniq_ijyb, uniq_terence

Skill      XL: |  1  2 |
---------------+-------+-----
Spellcasting   | 2 |  2.8
Conjurations   | 4 |  4.4
Dodging        | |  1.7
Stealth        | |  1.7

Action                     || total
---------------------------++-------
   Cast: Magic Dart        ||    70
         Searing Ray       ||     2
 Armour: Robe              ||     2
  Dodge: Dodged            ||     4
